 Dungeon Crawl Stone Soup version 0.15.1-1-gfacfea3 (webtiles) character file.

210 Johnny the Chiller (level 5, -4/41 HPs)
             Began as a Demigod Ice Elementalist on Sept 25, 2014.
             Killed by divine providence
             ... invoked by an orc priest
              (14 damage)
             ... on Level 4 of the Dungeon.
             The game lasted 00:11:29 (2792 turns).

Johnny the Chiller (Demigod Ice Elementalist)       Turns: 2792, Time: 00:11:29

HP  -4/41        AC  3     Str 17      XL: 5   Next: 30%
MP   1/12        EV 12     Int 20      God:
Gold 179         SH  0     Dex 17      Spells:  2 memorised,  4 levels left

rFire  . . .     SeeInvis .     t - +2 mace (drain)
rCold  . . .     Clarity  .     m - +0 leather armour
rNeg   . . .     rCorr    .     (no shield)
rPois  .         rRot     .     (no helmet)
rElec  .         Spirit   .     (no cloak)
SustAb .         Warding  .     (no gloves)
rMut   .         Stasis   .     (no boots)
Gourm  .                        (no amulet)
MR     .....                    (no ring)
                                e - ring of wizardry

@: mighty, lethally poisoned, very slightly contaminated, hasted, very quick,
not resistant to hostile enchantments, unstealthy
A: no striking features
a: no special abilities


You were on level 4 of the Dungeon.
You were not hungry.

You visited 1 branch of the dungeon, and saw 4 of its levels.

You collected 179 gold pieces.

Inventory:

Hand weapons
 t - a +2 mace of draining (weapon)
Armour
 m - a +0 leather armour (worn)
Magical devices
 d - a wand of random effects (11)
Comestibles
 c - 2 bread rations
 j - a meat ration
Scrolls
 a - a scroll of remove curse
 i - a scroll of recharging
Jewellery
 e - a ring of wizardry (left hand)
Potions
 h - 3 potions of agility
 k - a potion of might
Books
 b - a book of Frost

   Spells                             Type                      Level
   *Freeze                            Ice                          1
   Throw Frost                        Conjuration/Ice              2
   Ozocubu's Armour                   Charms/Ice                   3
   Throw Icicle                       Conjuration/Ice              4
   *Summon Ice Beast                  Ice/Summoning                4
   Condensation Shield                Ice                          4


   Skills:
 * Level 1.8 Fighting
 + Level 1.0 Armour
 + Level 2.3 Dodging
 + Level 2.7 Stealth
 * Level 2.6 Spellcasting
   Level 0.8 Conjurations
 * Level 1.0 Summonings
 * Level 3.6 Ice Magic


You had 4 spell levels left.
You knew the following spells:

 Your Spells              Type           Power        Failure   Level  Hunger
b - Freeze                Ice            ###.         1%          1    None
c - Summon Ice Beast      Ice/Summ       ##......     38%         4    ####...


Dungeon Overview and Level Annotations

Branches:
Dungeon (4/15)
 Temple: D:4-7

Annotations:
D:3 teukkam's ghost, weakling DrWr
D:4 Duvessa


Message History

Duvessa hits your ice beast with a short sword!
Your ice beast dies!
Your ice beast hits the orc priest but does no damage.
Your ice beast barely misses the orc priest.
Drink which item? (? for menu, Esc to quit)
That liquid tasted very nasty...
You are lethally poisoned!
It was a potion of poison.
* * * LOW HITPOINT WARNING * * *
You feel sick. The orc wizard barely misses you.
The orc priest mumbles some strange prayers to Beogh.
You feel a wave of unholy energy pass over you.
* * * LOW HITPOINT WARNING * * *
You feel sick.
Your ice beast hits the orc priest but does no damage. x2
The orc wizard mumbles some strange words.
You feel a wave of unholy energy pass over you.
The orc priest mumbles some strange prayers to Beogh against you.
Something smites you!
You die...

.....# .......# # ........# #
.........# # ..........#
###### # #..........# #....#
# #..........# #....# #
#......)o..####....# #
.#....Y%ea.@'.......########
......Yo.....####...........#
.............#..#...........#
.........#####..'...........#
.........# ##.#...........#
........# #.#...........#
.######## #.#...........#
#.#...........#
#.#...........'


You could see Duvessa (berserk), a worker ant, an orc priest, an orc wizard and
2 friendly ice beasts.

Vanquished Creatures
  A worker ant (D:4)
  6 adders
  5 worms
  3 giant geckos
  2 oozes (D:2)
  2 orcs (D:3)
  7 bats
  8 giant cockroaches
  8 hobgoblins
  2 jackals (D:3)
  8 kobolds
  A quokka (D:3)
  A giant gecko skeleton (D:4)
  9 giant newts
  5 goblins
  7 rats
75 creatures vanquished.

Vanquished Creatures (collateral kills)
  Dowan (D:4)
  An orc (D:4)
  A hobgoblin (D:4)
3 creatures vanquished.

Vanquished Creatures (others)
  An ice beast (D:4)
1 creature vanquished.

Grand Total: 79 creatures vanquished

Notes
Turn   | Place    | Note
--------------------------------------------------------------
     0 | D:1      | Johnny, the Demigod Ice Elementalist, began the quest for the Orb.
     0 | D:1      | Reached XP level 1. HP: 14/14 MP: 3/3
   525 | D:1      | Reached XP level 2. HP: 13/22 MP: 0/4
   538 | D:1      | Reached skill level 3 in Ice Magic
  1196 | D:1      | Reached XP level 3. HP: 24/27 MP: 8/8
  1412 | D:2      | Reached skill level 1 in Fighting
  1580 | D:2      | Reached XP level 4. HP: 35/35 MP: 1/10
  1714 | D:2      | Found a blossoming altar of Fedhas.
  2248 | D:3      | Learned a level 4 spell: Summon Ice Beast
  2337 | D:3      | Found a deep blue altar of Sif Muna.
  2378 | D:3      | Noticed teukkam's ghost (weakling DrWr)
  2622 | D:4      | Reached skill level 1 in Armour
  2622 | D:4      | Reached XP level 5. HP: 39/41 MP: 4/12
  2782 | D:4      | Noticed Dowan
  2784 | D:4      | Noticed Duvessa
  2785 | D:4      | Killed Dowan
  2785 | D:4      | Reached skill level 1 in Summonings
  2788 | D:4      | HP: 2/41 [orc priest/divine providence (12)]
  2792 | D:4      | Killed from afar by an orc priest

Action                   |  1- 3 |  4- 6 || total
-------------------------+-------+-------++-------
Melee: Unarmed           |    23 |       ||    23
       Club              |    15 |       ||    15
       Short sword       |    26 |       ||    26
       Spear             |    19 |    16 ||    35
       Mace              |       |    21 ||    21
 Cast: Freeze            |    56 |    73 ||   129
       Summon Ice Beast  |       |     3 ||     3
Evoke: Wand              |       |     1 ||     1
  Use: Scroll            |     4 |     1 ||     5
       Potion            |       |     4 ||     4
 Stab: Sleeping          |     3 |     6 ||     9
  Eat: Chunk             |     2 |     3 ||     5
       Meat ration       |       |     1 ||     1
